 Dungeon Crawl Stone Soup version 0.25.0-37-gb73750e0fb (webtiles) character file.

Game seed: 14545995413657916542

2032 xccam the Slicer (level 9, -2/57 HPs)
             Began as an Octopode Assassin on July 9, 2020.
             Was a Believer of Uskayaw.
             Killed from afar by an orc wizard (8 damage)
             ... with a magic dart
             ... on level 7 of the Dungeon.
             The game lasted 00:07:10 (6931 turns).

xccam the Slicer (Octopode Assassin)                Turns: 6931, Time: 00:07:11

Health: -2/57      AC:  1    Str: 10    XL:     9   Next: 23%
Magic:  0/9        EV: 17    Int: 13    God:    Uskayaw [**....]
Gold:   242        SH:  0    Dex: 17    Spells: 8/8 levels left

rFire    . . .     SeeInvis .   y - +2 dagger (venom)
rCold    + . .     Gourm    .   (no shield)
rNeg     . . .     Faith    .   (helmet restricted)
rPois    .         Spirit   +   o - amulet of guardian spirit
rElec    .         Reflect  .   x - ring of protection from cold
rCorr    .         Harm     .   (no ring)
MR       .....                  (no ring)
Stlth    +++++.....             (no ring)
HPRegen  0.19/turn              (no ring)
MPRegen  0.11/turn              (no ring)
                                (no ring)
                                (no ring)

@: very slightly contaminated, invisible
A: almost no armour, stealthy swim, amphibious, 8 rings, constrict 8, camouflage
1, gelatinous body 1
a: Stomp, Line Pass, Renounce Religion


You were on level 7 of the Dungeon.
You worshipped Uskayaw.
Uskayaw was noncommittal.
You were not hungry.

You visited 2 branches of the dungeon, and saw 9 of its levels.

You collected 242 gold pieces.

Inventory:

Hand Weapons
 m - a +2 antimagic dagger
 y - a +2 dagger of venom (weapon)
Missiles
 b - 21 poisoned darts (quivered)
 c - 2 curare-tipped darts
Jewellery
 o - an amulet of guardian spirit (around mantle)
 x - a ring of protection from cold (left tentacle)
Wands
 a - a wand of iceblast (5)
 C - a wand of disintegration (9)
Scrolls
 g - a scroll of magic mapping {unknown}
 h - 3 scrolls of remove curse {unknown}
 i - a scroll of amnesia {unknown}
 j - a scroll of enchant weapon {unknown}
 l - 3 scrolls of blinking {unknown}
 p - 2 scrolls of immolation {unknown}
 t - 2 scrolls of fog {unknown}
 u - a scroll of teleportation {unknown}
 B - a scroll of identify
Potions
 e - a potion of mutation
 f - 2 potions of brilliance
 k - 2 potions of cancellation
 n - 2 potions of stabbing
 s - a potion of might
 v - 3 potions of lignification {unknown}
 w - a potion of haste {unknown}
 z - a potion of degeneration {unknown}
 A - a potion of curing {unknown}
Comestibles
 d - 12 rations


   Skills:
 + Level 3.4 Fighting
 + Level 9.6 Short Blades
 - Level 2.0 Throwing
 - Level 6.0 Dodging
 + Level 6.7 Stealth


You had 8 spell levels left.
You didn't know any spells.
Your spell library contained the following spells:

 Spells                   Type           Power        Failure   Level  Hunger
 Cause Fear               Hex            #.........   97%         4    #####..
 Silence                  Hex/Air        #.........   100%        5    ######.
 Yara's Violent Unravell  Hex/Tmut       #.........   100%        5    ######.
 Discord                  Hex            #.........   100%        8    #######


Dungeon Overview and Level Annotations

Branches:
Dungeon (8/15)             Temple (1/1) D:6
   Lair: D:8-11

Altars:
Ashenzari
Cheibriados
Dithmenos
Elyvilon
Fedhas
Gozag
Hepliaklqana
Kikubaaqudgha
Makhleb
Nemelex Xobeh
Okawaru
Qazlal
Ru
Sif Muna
Trog
Uskayaw
Wu Jian
Yredelemnul
Zin
The Shining One


Innate Abilities, Weirdness & Mutations

You cannot wear most types of armour.
You are very stealthy in the water. (Stealth+)
You are amphibious.
You can wear up to eight rings at the same time.
You can use your tentacles to constrict eight enemies at once.
Your skin changes colour to match your surroundings (Stealth+).
Your rubbery body absorbs attacks. (AC +1, EV +1)


Message History

The orc warrior is almost dead.
You constrict the orc warrior, but do no damage.
The orc throws a boomerang.
The boomerang hits the orc but does no damage.
The weapon returns to the orc!
You hear some strange, mumbled words.
A magic dart appears from out of thin air!
The magic dart hits you.
* * * LOW HITPOINT WARNING * * *
You hit the orc warrior but do no damage.
The orc warrior looks as sick as possible!
The orc warrior is almost dead.
You constrict the orc warrior.
You kill the orc warrior!
Unknown command.
You hit something but do no damage. You squeeze something!
You hear some strange, mumbled words.
A magic dart appears from out of thin air!
The magic dart hits you!
You die...

.. .. .# .. o#
o#..#
#######{#..#
#.....@)...#
#..........#
#..>.....#.#
#..........#
#........#.#
#..........#
######....#####
........<.......
#######.........


You could see 2 orcs.

Vanquished Creatures
  Grinder (D:3)
  2 ice beasts
  A water moccasin (D:6)
  3 orc warriors
  2 eyes of draining (D:4)
  A centaur (D:4)
  A bullfrog (D:5)
  3 scorpions
  A howler monkey (D:8)
  A bullfrog zombie (D:6)
  A crimson imp (D:5)
  2 centaur zombies (D:6)
  4 orc priests
  A bullfrog skeleton (D:4)
  A centaur skeleton (D:4)
  3 orc wizards
  5 worker ants
  A hound skeleton (D:4)
  8 gnolls
  4 adders
  A shadow imp (D:5)
  An ooze (D:2)
  3 worms
  2 dart slugs
  5 leopard geckos
  18 orcs
  4 giant cockroaches
  6 goblins
  8 hobgoblins
  10 jackals
  A quokka (D:3)
  A ball python (D:4)
  6 bats
  3 frilled lizards
  A jackal skeleton (D:5)
  4 kobolds
  A leopard gecko skeleton (D:4)
  8 rats
129 creatures vanquished.

Notes
Turn   | Place    | Note
-------+----------+-------------------------------------------
     0 | D:1      | xccam the Octopode Assassin began the quest for the Orb.
     0 | D:1      | Reached XP level 1. HP: 14/14 MP: 1/1
   239 | D:1      | Reached XP level 2. HP: 19/19 MP: 2/2
   338 | D:1      | Reached skill level 3 in Short Blades
   630 | D:1      | Reached XP level 3. HP: 24/24 MP: 3/3
   801 | D:2      | Found a white marble altar of Elyvilon.
   993 | D:2      | Reached skill level 4 in Short Blades
  1044 | D:2      | Found a shattered altar of Ashenzari.
  1140 | D:2      | Reached XP level 4. HP: 26/29 MP: 4/4
  1332 | D:2      | Found a basalt altar of Yredelemnul.
  1457 | D:2      | Found a sparkling altar of Nemelex Xobeh.
  1812 | D:3      | Reached skill level 5 in Short Blades
  1812 | D:3      | Reached XP level 5. HP: 25/34 MP: 5/5
  2475 | D:3      | Noticed Grinder
  2486 | D:3      | Killed Grinder
  2486 | D:3      | Reached skill level 6 in Short Blades
  2486 | D:3      | Reached XP level 6. HP: 11/39 MP: 6/6
  2736 | D:3      | Found a glowing golden altar of the Shining One.
  3479 | D:4      | Reached XP level 7. HP: 29/45 MP: 7/7
  3745 | D:4      | Reached skill level 7 in Short Blades
  3818 | D:4      | Found a bloodstained altar of Trog.
  4137 | D:4      | Found a glowing silver altar of Zin.
  4326 | D:4      | Found a snail-covered altar of Cheibriados.
  4508 | D:5      | Entered Level 5 of the Dungeon
  4527 | D:5      | Reached XP level 8. HP: 38/50 MP: 2/8
  4956 | D:5      | Reached skill level 5 in Dodging
  5010 | D:5      | Reached skill level 8 in Short Blades
  5201 | D:5      | Found an iron altar of Okawaru.
  5779 | D:6      | Reached skill level 9 in Short Blades
  6058 | D:6      | Found a staircase to the Ecumenical Temple.
  6093 | Temple   | Entered the Ecumenical Temple
  6381 | D:6      | You fall into a shaft and drop 2 floors!
  6385 | D:8      | Reached XP level 9. HP: 55/55 MP: 9/9
  6573 | D:6      | Found a hide-covered altar of Uskayaw.
  6624 | D:6      | Became a worshipper of Uskayaw the Reveler
  6864 | D:6      | Reached * piety under Uskayaw
  6865 | D:6      | Reached ** piety under Uskayaw
  6903 | D:7      | Found an opulent altar of Gozag.
  6931 | D:7      | Killed from afar by an orc wizard

Illustrated notes

Levels and vault maps discovered:
D:1:      lightli_arrival_boilingwater, layout_rooms, hangedman_glass_teeth,
          minmay_pentomino_r4
D:2:      layout_basic, kennysheep_ying_yang, lemuel_round_altar,
          ashenzari_altar_1
D:3:      layout_loops_ring, nicolae_tso_swordbearing_angel, uniq_grinder
D:4:      layout_basic, zin_academy, trog_eyes_of_draining, cheibriados_altar_1,
          first_ration, hangedman_decor_clover_reticule
D:5:      layout_loops_cross, nicolae_overflow_hidden_temple, okawaru_trees_1
D:6:      layout_rooms, lemuel_doored_altar, temple_pool_b,
          chequers_serial_rivers_micro_a
D:7:      minmay_recursive_quarters, layout_basic, basic_altar, uniq_joseph
D:8:      layout_rooms, lair_entry_dummy, nicolae_ossuary_entry_plus, uniq_grum
Temple:   jpeg_temple_clearing

Skill      XL: |  1  2  3  4  5  6  7  8  9 |
---------------+----------------------------+-----
Short Blades   | 3 4 5 6 7 9 |  9.6
Dodging        | 2 4 6 |  6.0
Stealth        | 6 |  6.7
Fighting       | 3 |  3.4
Throwing       | |  2.0

Action                   |  1- 3 |  4- 6 |  7- 9 || total
-------------------------+-------+-------+-------++-------
Melee: Dagger            |    60 |    77 |   233 ||   370
       Constrict         |    16 |    16 |    43 ||    75
       Tentacles         |     9 |    18 |    70 ||    97
Throw: Dart              |       |     7 |     7 ||    14
  Use: Potion            |       |     1 |     2 ||     3
       Scroll            |       |       |     7 ||     7
 Stab: Sleeping          |    10 |     9 |    11 ||    30
       Distracted        |       |     1 |       ||     1
  Eat: Chunk             |     1 |     7 |    11 ||    19
Armor: Skin              |     6 |     6 |     2 ||    14
Dodge: Dodged            |    30 |    48 |   103 ||   181
